 Dungeon Crawl Stone Soup version 0.17-a0-737-gf0a300a (webtiles) character file.

11 Ololoev the Vexing (level 2, 0/16 HPs)
             Began as a Kobold Arcane Marksman on Apr 21, 2015.
             Slain by a kobold
             ... wielding a +0 short sword
              (4 damage)
             ... on level 1 of the Dungeon.
             The game lasted 00:02:32 (713 turns).

Ololoev the Vexing (Kobold Arcane Marksman)          Turns: 713, Time: 00:02:32

Health: 0/16       AC:  2    Str:  9    XL:     2   Next: 35%
Magic:  0/3        EV: 15    Int: 11    God:
Gold:   22         SH:  0    Dex: 15    Spells: 2 memorised, 0 levels left

rFire  . . .     SeeInvis .     h - -1 short sword (curse)
rCold  . . .     Clarity  .     f - +0 robe
rNeg   . . .     SustAb   .     (shield restricted)
rPois  .         Gourm    .     (no helmet)
rElec  .         Spirit   .     (no cloak)
rCorr  .         Warding  .     (no gloves)
rMut   .         Stasis   .     (no boots)
MR     .....                    (no amulet)
Stlth  +.........               (no ring)
                                (no ring)

@: very slightly contaminated, not resistant to hostile enchantments, very
unstealthy
A: carnivore 3
a: no special abilities


Innate Abilities, Weirdness & Mutations

You are small and have problems with some larger weapons.
You are carnivorous and can eat meat at any time.

Inventory:

Hand weapons
 b - a +0 hand crossbow
 h - a cursed -1 short sword (weapon)
Missiles
 c - 33 bolts
Armour
 f - a +0 robe (worn)
Books
 d - a book of Debilitation

   Spells                             Type                      Level
   a - Corona                         Hexes                        1
   b - Slow                           Hexes                        2
   c - Gell's Gravitas                Hexes/Translocation          3
   d - Inner Flame                    Hexes/Fire                   3
   e - Cause Fear                     Hexes                        4
   f - Leda's Liquefaction            Hexes/Earth                  4
Comestibles
 e - a meat ration


   Skills:
 - Level 1.1 Fighting
 * Level 1.8 Short Blades
 - Level 2.6 Crossbows
 - Level 2.4 Dodging
 - Level 1.0 Spellcasting
 - Level 3.1 Hexes


You couldn't memorise any spells.
You knew the following spells:

 Your Spells              Type           Power        Failure   Level  Hunger
a - Corona                Hex            #......      12%         1    ##.....
b - Slow                  Hex            #.......     17%         2    ###....


You were on level 1 of the Dungeon.
You were very full.

You visited 1 branch of the dungeon, and saw 1 of its levels.

You collected 22 gold pieces.

#####.# #.# ### ... #.# #.# ...
....+ #.###.# ..# ##$...##
#.....########.# #......
#...........##.#. #..?..#
#.....#####.##.#.###.##..
#.........#.##.#...#.##.#####
..#.#+#...#.#.##l###.#.##.#....
...............@Ks...(....(.....
....#.......#.########.##.#....
#############.#........##.# ...
###########.#.#########.# ..
+.................#####.# .
########+#..#.###....##.#
#........# #....##.#
######........# #....##.#
#............## #....##'## #

Notes
Turn   | Place    | Note
--------------------------------------------------------------
     0 | D:1      | Ololoev, the Kobold Arcane Marksman, began the quest for the Orb.
     0 | D:1      | Reached XP level 1. HP: 12/12 MP: 2/2
   164 | D:1      | Reached skill level 1 in Short Blades
   276 | D:1      | Reached XP level 2. HP: 2/16 MP: 3/3
   579 | D:1      | Learned a level 2 spell: Slow
   713 | D:1      | Slain by a kobold

Dungeon Overview and Level Annotations

Branches:
Dungeon (1/15)

Altars:


Message History

You are too injured to fight recklessly!
You are too injured to fight recklessly!
You are too injured to fight recklessly!
You are too injured to fight recklessly!
You are too injured to fight recklessly!
You are too injured to fight recklessly!
You are too injured to fight recklessly!
You are too injured to fight recklessly!
You are too injured to fight recklessly!
You closely miss the kobold.
The kobold is moderately wounded.
You barely miss the kobold.
The kobold is moderately wounded.
The kobold hits you with a short sword.
The giant newt hisses menacingly.
You aren't carrying any potions.
Read which item? (? for menu, Esc to quit)
Okay, then.
Found 12 gold pieces.
You see here a stone.
Cast which spell? (? or * to list)
Aiming: Slow
Press: ? - help, Shift-Dir - straight line, f - kobold
Aim: a kobold, wielding a short sword (moderately wounded, chance 59%)
You miscast Slow.
You are very lightly contaminated with residual magic.
You feel off-balance for a moment. The kobold closely misses you.
Casting: Slow
Confirm with . or Enter, or press ? or * to list all spells.
Aiming: Corona
Press: ? - help, Shift-Dir - straight line, f/p - kobold
Aim: a kobold, wielding a short sword (moderately wounded, chance 59%)
The kobold is outlined in light.
The kobold misses you.
You hit the kobold but do no damage.
The kobold is moderately wounded.
The kobold misses you.
You hit the kobold.
The kobold is severely wounded.
The kobold hits you with a short sword.
You die...

You could see a giant cockroach, a kobold and a giant newt.

Vanquished Creatures
  3 bats (D:1)
  A goblin (D:1)
  2 jackals (D:1)
  A kobold (D:1)
  A giant newt (D:1)
  2 rats (D:1)
10 creatures vanquished.

Action                   || total
-------------------------++-------
Melee: Dagger            ||    25
       Short sword       ||    30
 Fire: Hand crossbow     ||     4
 Cast: Corona            ||     1
  Use: Scroll            ||     1
 Stab: Distracted        ||     1
  Eat: Chunk             ||     7

Vault maps used:
D:1:      lightli_arrival_noodles
